 Dungeon Crawl Stone Soup version 0.24.0-1-gfbc8707 (webtiles) character file.

Game seed: 14605752333272796730, levelgen mode: deterministic

6146 Fang the Fighter (level 10, 0/66 HPs)
             Began as a Gargoyle Berserker on Oct 30, 2019.
             Was a High Priest of Trog.
             Killed by divine providence
             ... invoked by an orc priest
              (15 damage)
             ... on level 9 of the Dungeon.
             The game lasted 00:08:46 (8477 turns).

Fang the Fighter (Gargoyle Berserker)               Turns: 8477, Time: 00:08:47

Health: 0/66       AC: 23    Str: 25    XL:     10   Next: 90%
Magic:  10/10      EV: 10    Int:  7    God:    Trog [*****.]
Gold:   894        SH:  0    Dex:  9    Spells: 9/9 levels left

rFire    . . .     SeeInvis +   a - +0 war axe
rCold    . . .     Gourm    .   (no shield)
rNeg     + . .     Faith    .   b - +0 plate armour
rPois    ∞         Spirit   .   f - +2 hat
rElec    +         Reflect  .   (no cloak)
rCorr    .         Harm     .   (no gloves)
MR       ++...                  (no boots)
Stlth    ..........             (no amulet)
HPRegen  1.21/turn              (no ring)
MPRegen  0.12/turn              H - ring of see invisible

@: berserk cooldown, starving, regenerating, slowed, studying Unarmed Combat,
very slow
A: negative energy resistance 1, electricity resistance, unbreathing,
petrification resistance, rot immunity, AC +7
a: Berserk, Trog's Hand, Brothers in Arms, Renounce Religion


You were on level 9 of the Dungeon.
You worshipped Trog.
Trog was extremely pleased with you.
You were starving.

You visited 2 branches of the dungeon, and saw 10 of its levels.

You collected 894 gold pieces.

Inventory:

Hand Weapons
 a - a +0 war axe (weapon)
Armour
 b - a +0 plate armour (worn)
 f - a +2 hat (worn)
Jewellery
 H - a ring of see invisible (right hand)
Wands
 s - a wand of polymorph (16)
 y - a wand of iceblast (9)
 A - a wand of random effects (18)
 B - a wand of scattershot (7)
 C - a wand of digging (5)
 E - a wand of enslavement (6)
Scrolls
 d - 5 scrolls of teleportation {unknown}
 e - 4 scrolls of amnesia {unknown}
 h - 2 scrolls of enchant armour {unknown}
 i - 11 scrolls of identify {unknown}
 k - 8 scrolls of remove curse {unknown}
 m - a scroll of random uselessness {unknown}
 n - 5 scrolls of enchant weapon {unknown}
 o - 4 scrolls of magic mapping {unknown}
 q - a scroll of noise {unknown}
 z - a scroll of immolation {unknown}
 G - a scroll of silence {unknown}
Potions
 g - 6 potions of curing
 l - 2 potions of heal wounds {unknown}
 p - 2 potions of lignification {unknown}
 r - 2 potions of haste {unknown}
 u - a potion of cancellation {unknown}
 v - 2 potions of magic {unknown}
 w - a potion of agility {unknown}
 x - a potion of invisibility {unknown}
 D - a potion of might
Books
 t - a manual of Unarmed Combat
Comestibles
 c - 23 rations


   Skills:
 + Level 9.5 Fighting
 + Level 7.9 Axes
 + Level 9.1 Armour
 + Level 6.9 Dodging


You had 9 spell levels left.
You didn't know any spells.
Your spell library was empty.

Dungeon Overview and Level Annotations

Branches:
Dungeon (9/15)             Temple (1/1) D:7             Orc (0/2) D:9
   Lair: D:8-11

Altars:
Dithmenos
Gozag
Hepliaklqana
Makhleb
The Shining One


Innate Abilities, Weirdness & Mutations

You are resistant to torment.
Your stone body is resilient. (AC +7)
You are immune to poison.
You resist negative energy. (rN+)
You are resistant to electric shocks. (rElec)
You can survive without breathing.
You are immune to petrification.
You are immune to rotting.


Message History

The phantom hits you but does no damage.
You're too hungry.
You eat one of the 24 rations.
That ration really hit the spot!
The hungry ghost hits you.
You feel a lot more hungry.
The phantom blinks!
The hungry ghost closely misses you.
Your skin crawls.
You feel resistant to hostile enchantments.
You are feeling hungry.
The phantom completely misses you. The hungry ghost hits you.
You are feeling very hungry.
The hungry ghost hits you.
You are near starving!
The phantom hits you but does no damage.
The hungry ghost hits you.
You feel somewhat more hungry. The hungry ghost hits you.
You are starving!
The phantom blinks!
The orc priest mumbles some strange prayers to Beogh against you.
Beogh smites you!
You die...

#.# #.........# ..
#.#.#.#.#.## ##
#..........# ..
#..#.#.#.#..# .##
#...........# .W#
#..#.#.#.#..# #.#
#..........# #.#
#.#.######.# #@# #...#
#..# #W## ##...# ##.##
#.W###...#####..#
######§oZ...........##
........Z.#........###
########Z##......>.#
## ##..##....##### .
#..###.#..#
##.#..######.#


You could see a phantom, 2 hungry ghosts, an orc priest, 2 orc zombies and an
orc skeleton.

Vanquished Creatures
  Pikel (D:5)
  2 hippogriffs (D:8)
  Grinder (D:6)
  A wyvern (D:8)
  3 yaks
  A human (shapeshifter) (D:9)
  A human (D:8)
  2 hogs (D:8)
  Duvessa (D:5)
  Edmund (D:6)
  3 slaves (D:5)
  5 orc warriors
  A black bear (D:7)
  A necrophage (D:8)
  4 ogres
  3 phantoms
  2 centaurs
  A big kobold (D:7)
  Blork the orc (D:6)
  2 bullfrogs
  Dowan (D:5)
  A wyvern skeleton (D:8)
  5 scorpions
  A troll zombie (D:9)
  3 howler monkeys
  5 crimson imps
  3 bullfrog zombies
  A jelly (D:5)
  5 orc priests
  2 hounds
  2 bullfrog skeletons
  A gnoll shaman (D:6)
  A centaur skeleton (D:7)
  Ijyb (D:5)
  Natasha (thrice) (D:2)
  5 iguanas
  7 orc wizards
  7 worker ants
  An ogre zombie (D:9)
  A hound skeleton (D:8)
  A worker ant zombie (D:6)
  A howler monkey skeleton (D:5)
  10 adders
  9 gnolls
  2 shadow imps
  An ooze (D:1)
  An adder skeleton (D:8)
  2 adder zombies
  5 dart slugs
  4 leopard geckos
  34 orcs
  8 bats
  6 giant cockroaches
  12 goblins
  6 hobgoblins
  7 jackals
  12 kobolds
  5 quokkas
  2 ball pythons
  7 frilled lizards
  A hobgoblin zombie (D:9)
  A jackal skeleton (D:4)
  2 orc skeletons (D:9)
  5 orc zombies (D:9)
  6 rats
243 creatures vanquished.

Vanquished Creatures (others)
  A shadow imp (D:5)
1 creature vanquished.

Grand Total: 244 creatures vanquished

Notes
Turn   | Place    | Note
-------+----------+-------------------------------------------
     0 | D:1      | Fang the Gargoyle Berserker began the quest for the Orb.
     0 | D:1      | Reached XP level 1. HP: 14/14 MP: 1/1
   140 | D:1      | Reached XP level 2. HP: 15/19 MP: 2/2
   423 | D:1      | Reached XP level 3. HP: 23/23 MP: 3/3
   753 | D:1      | Reached ** piety under Trog
  1079 | D:2      | Reached XP level 4. HP: 29/29 MP: 4/4
  1290 | D:2      | Noticed Natasha
  1302 | D:2      | Killed Natasha
  1422 | D:2      | Reached XP level 5. HP: 33/33 MP: 5/5
  1498 | D:2      | Found a burning altar of Makhleb.
  1789 | D:2      | Noticed Natasha
  1805 | D:2      | Killed Natasha
  1956 | D:2      | Noticed Natasha
  1971 | D:2      | Killed Natasha
  2330 | D:3      | Reached *** piety under Trog
  2352 | D:3      | Noticed an ogre
  2358 | D:3      | Killed an ogre
  2358 | D:3      | Reached XP level 6. HP: 13/39 MP: 6/6
  3045 | D:4      | Reached skill level 5 in Fighting
  3268 | D:4      | Reached XP level 7. HP: 44/44 MP: 7/7
  3617 | D:5      | Entered Level 5 of the Dungeon
  3818 | D:5      | Noticed a yak
  3829 | D:5      | Killed a yak
  3829 | D:5      | Reached skill level 5 in Armour
  4070 | D:5      | Reached XP level 8. HP: 39/51 MP: 8/8
  4141 | D:5      | Noticed Dowan
  4143 | D:5      | Noticed Duvessa
  4161 | D:5      | Killed Dowan
  4161 | D:5      | Reached skill level 5 in Axes
  4163 | D:5      | Killed Duvessa
  4163 | D:5      | Reached **** piety under Trog
  4383 | D:5      | Noticed Pikel
  4403 | D:5      | Killed Pikel
  4498 | D:5      | Reached XP level 9. HP: 55/56 MP: 9/9
  4520 | D:5      | Received a gift from Trog
  4583 | D:5      | Noticed Ijyb
  4600 | D:5      | Killed Ijyb
  4600 | D:5      | Reached skill level 5 in Dodging
  4940 | D:6      | Noticed Edmund
  4947 | D:6      | Killed Edmund
  4957 | D:6      | Noticed Blork the orc
  4982 | D:6      | Killed Blork the orc
  5356 | D:6      | Noticed Grinder
  5364 | D:6      | Killed Grinder
  6119 | D:7      | Reached XP level 10. HP: 62/64 MP: 10/10
  6292 | D:7      | Found a staircase to the Ecumenical Temple.
  6531 | D:7      | Reached ***** piety under Trog
  8246 | Temple   | Entered the Ecumenical Temple
  8457 | D:9      | Found a staircase to the Orcish Mines.
  8477 | D:9      | Killed from afar by an orc priest

Levels and vault maps discovered:
D:1:      mrwooster_arrival_statue_3, layout_basic
D:2:      layout_basic, marbit_many_paths, first_ration, serial_bayou_pond_b,
          minmay_heptomino_l4, uniq_natasha
D:3:      cheibrodos_thug_alley, layout_basic
D:4:      layout_gridville
D:5:      layout_basic, minmay_manual_mandibuliform, uniq_ijyb, uniq_duvessa,
          uniq_pikel
D:6:      layout_cave_pools, uniq_grinder, uniq_blork_the_orc, uniq_edmund
D:7:      layout_gridville, minmay_temple_entry_from_below_b
D:8:      layout_loops_corners, grunt_livestock, nicolae_straight_to_the_point
D:9:      minmay_bloctagon_deflated, layout_rooms, zombieorc1_lemuel,
          serial_glass, glass_columns_a, glass_columns_c, glass_columns_c,
          glass_columns_c, glass_columns_b, glass_columns_b, glass_columns_a,
          glass_columns_a, glass_columns_b, glass_columns_b
Temple:   minmay_crystal_snake_temple

Skill      XL: |  1  2  3  4  5  6  7  8  9 10 |
---------------+-------------------------------+-----
Axes           | 3 4 5 6 7 |  7.9
Dodging        | 2 3 4 5 6 |  6.9
Armour         | 3 4 5 6 7 9 |  9.1
Fighting       | 4 5 6 8 9 |  9.5

Action                   |  1- 3 |  4- 6 |  7- 9 | 10-12 || total
-------------------------+-------+-------+-------+-------++-------
Melee: Hand axe          |   112 |       |       |       ||   112
       War axe           |     3 |   180 |   324 |   322 ||   829
Invok: Berserk           |       |     2 |     7 |     3 ||    12
       Trog's Hand       |       |       |     1 |     1 ||     2
Evoke: Wand              |       |       |       |     1 ||     1
  Eat: Chunk             |     1 |     9 |    13 |     9 ||    32
       Ration            |       |       |     1 |     1 ||     2
Armor: Animal skin       |    12 |       |       |       ||    12
       Chain mail        |    61 |   131 |    21 |       ||   213
       Plate armour      |       |       |   314 |   276 ||   590
Dodge: Dodged            |    63 |   102 |   175 |   232 ||   572
